Map: Overgrown Facility

Players

GanHX

  • Race: Protoss Protoss
  • League: Bronze
  • Spawn Location: 3:00

BaLanCE

  • Race: Protoss Protoss
  • Spawn Location: 1:00

OpuS

  • Race: Protoss Protoss
  • League: Diamond
  • Spawn Location: 7:00

Sketchaphone

  • Race: Zerg Zerg
  • Spawn Location: 9:00

VOD

Have the link to the VOD?

Description

Time

  • Played on: Dec. 27, 2018, 7:59 p.m.
  • Length: 14:23
Show
View Real Time Build Order
Export as new Build Order

GanHX Protoss 

Build Orders: 1 Gate Expand 

Get SALT Encoding   

  12  0:01  Probe  
  13  0:13  Probe  
  14  0:18  Pylon  
  14  0:25  Probe  
  15  0:37  Probe  
  15  0:40  Gateway  
  16  0:49  Probe  
  17  1:14  Nexus  
  17  1:26  Zealot  
  17  1:29  Cybernetics Core  
  17  1:31  Probe  
  20  1:43  Pylon  
  20  1:45  Zealot  
  22  1:58  Pylon  
  22  2:07  Zealot  
  22  2:08  Pylon  
  24  2:28  Shield Battery  
  23  2:32  Probe  
  24  2:51  Pylon  
  24  2:54  Pylon  
  25  3:08  Probe  
  26  3:19  Zealot, Pylon x2  
  24  3:25  Shield Battery  
  24  3:26  Shield Battery  
  24  3:30  Shield Battery  
  24  3:41  Shield Battery  
  24  3:42  Shield Battery  
  24  3:43  Pylon  
  24  3:52  Probe  
  22  4:04  Probe  
  22  4:08  Gateway  
  22  4:09  Gateway  
  22  4:25  Probe  
  22  4:42  Forge  
  22  4:43  Pylon  
  22  4:46  Pylon, Zealot  
  22  4:48  Zealot  
  22  4:50  Probe  
  27  5:11  Shield Battery  
  27  5:15  Photon Cannon  
  27  5:20  Zealot x2  
  27  5:28  Photon Cannon  
  27  5:46  Zealot  
  11  7:09  Probe  
  12  7:19  Probe  
  13  7:27  Probe  
  14  7:48  Probe  
  15  7:56  Probe  
  15  8:29  Probe  
  16  8:38  Probe  
  17  8:46  Probe  
  17  8:55  Probe  
  19  9:11  Probe  
  20  9:23  Nexus  
  20  9:28  Assimilator  
  20  9:38  Probe  
  21  9:46  Probe  
  22  9:57  Probe  
  23  10:10  Probe  
  24  10:28  Assimilator  
  24  10:37  Probe  
  25  10:51  Probe x2  
  27  11:00  Pylon  
  27  11:04  Warp Gate  
  27  11:05  Probe  
  28  11:19  Robotics Facility  
  28  11:23  Probe  
  29  11:26  Probe  
  30  11:43  Probe x2  
  32  11:57  Probe x2  
  34  12:04  Observer  
  34  12:07  Nexus  
  34  12:14  Probe  
  34  12:15  Probe  
  37  12:21  Sentry  
  37  12:22  Sentry  
  41  12:26  Probe  
  41  12:28  Observer  
  44  12:30  Probe  
  44  12:42  Probe x2  
  46  12:58  Probe  
  46  12:59  Probe  
  46  13:02  Assimilator  
  46  13:04  Photon Cannon  
  48  13:06  Assimilator  
  48  13:12  Probe x2  
  50  13:17  Robotics Bay, Observer  
  50  13:19  Robotics Facility  
  49  13:20  Probe  
  49  13:24  Probe  
  51  13:29  Probe  
  51  13:32  Probe  
  53  13:38  Probe  
  53  13:39  Cybernetics Core  
  54  13:44  Probe x2  
  56  13:50  Probe  
  57  13:56  Probe  
  58  14:05  Nexus  
  58  14:09  Zealot  
Show
View Real Time Build Order
Export as new Build Order

BaLanCE Protoss 

Build Orders: Oracle Opening, Carriers 

Get SALT Encoding   

  12  0:01  Probe  
  13  0:13  Probe  
  14  0:20  Pylon  
  14  0:25  Probe  
  15  0:37  Probe  
  15  0:38  Gateway  
  16  0:46  Probe  
  17  0:52  Assimilator  
  17  0:55  Probe  
  17  1:01  Assimilator  
  18  1:07  Probe  
  19  1:19  Probe  
  20  1:29  Cybernetics Core  
  20  1:32  Probe  
  21  1:38  Pylon  
  21  1:44  Probe  
  21  1:46  Pylon  
  22  1:57  Forge  
  22  2:06  Stargate  
  22  2:26  Stargate  
  22  2:33  Photon Cannon  
  22  2:41  Oracle  
  25  3:02  Photon Cannon  
  25  3:11  Probe  
  26  3:21  Oracle  
  29  3:37  Oracle  
  29  3:38  Nexus  
  29  3:40  Pylon  
  32  4:13  Probe  
  33  4:17  Void Ray  
  33  4:26  Probe  
  38  4:38  Probe  
  39  4:50  Probe  
  39  5:02  Probe  
  40  5:12  Void Ray  
  37  5:20  Pylon  
  41  5:21  Photon Cannon  
  41  5:24  Photon Cannon  
  41  5:28  Pylon  
  41  5:30  Pylon  
  41  5:42  Pylon  
  41  5:44  Pylon, Probe  
  42  5:52  Probe  
  43  6:01  Probe  
  44  6:13  Probe  
  45  6:26  Probe  
  45  6:30  Void Ray x2  
  54  6:51  Probe  
  54  6:59  Probe  
  56  7:09  Probe  
  56  7:12  Void Ray, Fleet Beacon  
  61  7:16  Assimilator  
  61  7:20  Assimilator  
  61  7:21  Probe  
  61  7:22  Pylon  
  62  7:26  Pylon  
  62  7:33  Probe  
  63  7:44  Probe  
  63  7:46  Stargate  
  63  7:49  Pylon  
  64  7:52  Probe  
  65  8:02  Probe  
  66  8:12  Carrier  
  66  8:14  Probe  
  73  8:23  Carrier  
  73  8:26  Probe  
  80  8:48  Carrier  
  83  9:19  Pylon  
  83  9:21  Pylon  
  83  9:38  Carrier x2  
  95  9:51  Photon Cannon  
  95  9:52  Photon Cannon  
  92  10:07  Carrier  
  98  10:31  Cybernetics Core  
  98  10:38  Nexus  
  98  10:40  Pylon  
  98  10:46  Pylon  
  98  10:47  Pylon  
  98  10:58  Pylon  
  98  11:00  Protoss Air Weapons Level 1, Protoss Air Armor Level 1  
  98  11:02  Pylon  
  98  11:34  Carrier  
  104  11:42  Photon Cannon  
  104  11:44  Photon Cannon  
  104  11:53  Probe x3  
  107  12:05  Probe x3  
  107  12:12  Carrier  
  113  12:17  Probe x2  
  115  12:29  Carrier  
  121  12:52  Carrier  
  127  13:10  Photon Cannon  
  127  13:12  Photon Cannon  
  127  13:16  Carrier  
  141  14:03  Photon Cannon  
  141  14:04  Assimilator  
  141  14:06  Assimilator  
Show
View Real Time Build Order
Export as new Build Order

OpuS Protoss 

Build Orders:  

Get SALT Encoding   

  12  0:01  Probe  
  13  0:13  Probe  
  14  0:19  Pylon  
  14  0:25  Probe  
  15  0:40  Gateway  
  15  0:41  Probe  
  16  0:53  Probe, Assimilator  
  17  1:03  Probe  
  17  1:08  Gateway  
  18  1:11  Probe  
  19  1:19  Probe  
  19  1:20  Pylon  
  20  1:33  Cybernetics Core  
  20  1:39  Probe  
  21  1:53  Zealot  
  21  1:58  Zealot  
  25  2:20  Forge  
  25  2:22  Zealot  
  27  2:27  Stalker  
  29  2:44  Probe  
  30  2:56  Adept, Probe  
  30  2:57  Pylon  
  25  3:22  Probe  
  25  3:23  Photon Cannon  
  21  3:31  Stalker  
  21  3:34  Probe  
  22  4:00  Photon Cannon  
  20  4:07  Stalker  
  21  4:33  Stalker  
  19  4:39  Warp Gate  
  17  4:57  Photon Cannon  
  17  5:03  Pylon  
  17  5:05  Probe  
  16  5:39  Stalker  
  18  5:51  Adept  
  17  6:27  Nexus  
  17  6:37  Pylon  
  3  7:02  Assimilator  
Show
View Real Time Build Order
Export as new Build Order

Sketchaphone Zerg 

Build Orders: Hatch First 

Get SALT Encoding   

  12  0:01  Drone  
  13  0:13  Overlord  
  13  0:17  Drone  
  14  0:32  Drone  
  15  0:53  Hatchery  
  14  1:05  Spawning Pool  
  14  1:06  Drone  
  14  1:10  Drone  
  15  1:22  Overlord, Drone  
  16  1:31  Drone  
  17  1:46  Drone  
  18  1:55  Zergling x2, Extractor  
  18  1:56  Queen  
  20  2:08  Queen  
  22  2:19  Zergling x2  
  22  2:20  Drone x2  
  25  2:22  Overlord  
  25  2:49  Zergling x6  
  28  2:52  Overlord  
  28  2:53  Zergling x4  
  30  3:02  Queen  
  32  3:09  Baneling Nest  
  32  3:20  Zergling x8  
  34  3:30  Zergling x4  
  36  3:38  Zergling x4  
  36  3:39  Drone  
  36  3:40  Metabolic Boost  
  39  3:42  Zergling x2  
  40  3:50  Drone  
  39  4:11  Baneling  
  39  4:12  Baneling x2  
  39  4:13  Baneling x2  
  39  4:14  Zergling x6  
  43  4:17  Zergling x8  
  43  4:18  Drone  
  44  4:39  Zergling x6  
  44  4:40  Zergling x4  
  45  4:52  Zergling x4  
  46  4:56  Baneling x2  
  47  5:00  Zergling x2  
  47  5:04  Zergling x2  
  43  5:16  Zergling x4  
  43  5:19  Baneling x6  
  43  5:20  Zergling x2  
  43  5:26  Drone  
  43  5:28  Evolution Chamber  
  42  5:30  Drone  
  39  6:02  Zergling x18  
  44  6:05  Baneling x5  
  44  6:20  Drone x2  
  44  6:33  Zergling x4  
  44  6:54  Extractor  
  44  6:55  Lair  
  44  7:01  Queen, Spore Crawler  
  44  7:21  Drone  
  44  7:26  Overlord x2  
  44  7:35  Spore Crawler  
  42  7:40  Overlord  
  42  7:41  Overlord x2  
  42  7:43  Queen  
  44  7:51  Drone  
  44  7:52  Drone x2  
  44  7:55  Spore Crawler  
  37  8:45  Drone x5  
  37  8:46  Overlord x2  
  37  8:47  Overlord  
  41  8:49  Hatchery  
  41  8:51  Drone x2  
  40  8:56  Drone x2  
  40  8:59  Drone  
  40  9:00  Spore Crawler, Drone  
  43  9:10  Drone  
  44  9:31  Spore Crawler  
  43  9:41  Extractor  
  42  9:49  Drone x2  
  44  9:56  Drone x3  
  46  10:01  Queen  
  48  10:14  Hydralisk Den  
  47  10:29  Zergling x4  
  47  10:30  Overlord, Zergling x4  
  47  10:31  Zergling x20  
  47  10:32  Zergling x4  
  63  10:37  Queen  
  63  10:39  Extractor  
  63  10:40  Zerg Missile Weapons Level 1  
  64  10:44  Drone x3  
  64  10:47  Hatchery  
  66  10:56  Hydralisk  
  66  10:57  Hydralisk x2  
  72  11:12  Grooved Spines  
  72  11:13  Hydralisk x2  
  72  11:16  Hydralisk  
  78  11:23  Overlord  
  78  11:37  Overlord x2  
  78  11:40  Overlord x2  
  78  11:52  Overlord x2  
  78  11:55  Hydralisk  
  80  12:03  Hydralisk  
  80  12:07  Hydralisk  
  84  12:14  Hydralisk x2  
  86  12:38  Hydralisk x3  
  86  12:39  Hydralisk  
  86  12:40  Zergling x4  
  89  12:50  Hydralisk  
  80  13:30  Drone  
  73  13:36  Drone x4  
  75  13:43  Hydralisk  
  75  13:44  Hydralisk x2  
  62  14:03  Drone  
  62  14:04  Drone  
  62  14:05  Drone x4  
Tags
 
Add a new tag
Caveats
  • Supply blocks, unpowered buildings, or Contaminate may cause inaccurate times.
  • Supply counts are checked every 10 seconds.